 Dungeon Crawl Stone Soup version 0.20.0-15-g7f486f2 (webtiles) character file.

409 Sunburn the Ogre Mage (level 6, -1/62 HPs)
             Began as an Ogre Fire Elementalist on June 24, 2017.
             Killed by nerve-wracking pain
             ... invoked by Menkaure
              (7 damage)
             ... on level 4 of the Dungeon.
             The game lasted 00:26:42 (7604 turns).

Sunburn the Ogre Mage (Ogre Fire Elementalist)      Turns: 7604, Time: 00:26:42

Health: -1/62      AC:  4    Str: 10    XL:     6   Next: 89%
Magic:  8/13       EV: 15    Int: 18    God:
Gold:   37         SH:  0    Dex: 14    Spells: 8/14 levels left

rFire    . . .     SeeInvis .   r - +0 giant spiked club
rCold    + + .     Gourm    .   (shield currently unavailable)
rNeg     . . .     Faith    .   j - +1 robe of Toqyfemire {rC+ Str-3 Slay+3}
rPois    .         Spirit   .   (helmet restricted)
rElec    .         Reflect  .   (no cloak)
rCorr    .         Harm     .   (gloves unavailable)
MR       .....     Clarity  +   (boots unavailable)
Stlth    +++.......             (no amulet)
Regen    0.2/turn               (no ring)
MPRegen  0.2/turn               (no ring)

@: agile, about to teleport
A: unfitting armour, beak, clarity, cold resistance 1, tough skin 1
a: no special abilities


You were on level 4 of the Dungeon.
You were not hungry.

You visited 1 branch of the dungeon, and saw 5 of its levels.

You collected 243 gold pieces.
You spent 206 gold pieces at shops.

Inventory:

Hand Weapons
 d - a +0 dagger of holy wrath
 r - a +0 giant spiked club (weapon)
Missiles
 p - 4 tomahawks (quivered)
Armour
 j - the +1 robe of Toqyfemire (worn) {rC+ Str-3 Slay+3}
   (You bought it in a shop on level 4 of the Dungeon)

   It affects your strength (-3).
   It affects your accuracy and damage with ranged weapons and melee attacks
   (+3).
   It protects you from cold.
Scrolls
 b - 2 scrolls of recharging
 g - 2 scrolls of blinking
 i - a scroll of identify
 m - a scroll of enchant weapon
 q - a scroll of magic mapping
Potions
 l - a potion of flight
 o - a potion of agility
Comestibles
 a - 5 chunks of flesh
 c - 3 bread rations
 h - a royal jelly
 k - 2 meat rations


   Skills:
 + Level 4.2 Fighting
 - Level 1.7 Dodging
 - Level 1.4 Stealth
 + Level 4.7 Spellcasting
 + Level 2.8 Conjurations
 * Level 4.0 Fire Magic


You had 8 spell levels left.
You knew the following spells:

 Your Spells              Type           Power        Failure   Level  Hunger
a - Flame Tongue          Conj/Fire      ###..        3%          1    None
b - Throw Flame           Conj/Fire      ###...       4%          2    #......
c - Conjure Flame         Conj/Fire      ###.....     10%         3    ###....


Dungeon Overview and Level Annotations

Branches:
Dungeon (5/15)
 Temple: D:4-7

Altars:
Gozag
Trog

Shops:
D:4 %[

Annotations:
D:4 Menkaure
D:5 Dowan, Ijyb


Innate Abilities, Weirdness & Mutations

You are too large for most types of armour.
You have tough skin. (AC +1)
You have a beak for a mouth.
You possess an exceptional clarity of mind.
Your flesh is cold resistant. (rC+)


Message History

Aim: Menkaure (moderately damaged, fast)
The puff of flame hits Menkaure.
Menkaure is burned terribly!
Menkaure is severely damaged.
Menkaure hits you!
* * * LOW HITPOINT WARNING * * *
Okay, then.
Menkaure closely misses you.
Menkaure points at you and mumbles some strange words.
You struggle to resist.
Menkaure gestures at you while chanting.
Pain shoots through your body!
* * * LOW HITPOINT WARNING * * *
Menkaure calls on the powers of darkness!
Your body is wracked with pain!
* * * LOW HITPOINT WARNING * * *
As you read the scroll of teleportation, it crumbles to dust.
You feel strangely unstable.
Menkaure gestures at you while chanting.
Pain shoots through your body!
You die...

#.# #.#.#......# #.#.
#.# #.#.#......# #.##
#.# #.#.#......# #...
#.#########.#.#.####.#
#..# #...........#.#.#
#.#########..#
#############.#.#
#.##.........# #.#.#
#.##.#######.#
#.#M####.##.#.......#
#.#.@....##.#.#######
#.#.#######.#.#
#.......# #.#.#
#######.###...#######
#..............
#####.######### ###


You could see Menkaure.

Vanquished Creatures
  An ogre (D:4)
  A crimson imp (D:5)
  A hound (D:4)
  An orc wizard (D:4)
  A hound skeleton (D:3)
  4 adders
  4 gnolls (D:3)
  An ooze (D:3)
  6 dart slugs
  5 leopard geckos
  15 orcs
  5 bats
  4 giant cockroaches
  11 hobgoblins
  7 jackals
  2 quokkas
  5 frilled lizards
  14 goblins
  8 kobolds
  A quokka skeleton (D:5)
  6 rats
103 creatures vanquished.

Notes
Turn   | Place    | Note
-------+----------+-------------------------------------------
     0 | D:1      | Sunburn the Ogre Fire Elementalist began the quest for the Orb.
     0 | D:1      | Reached XP level 1. HP: 16/16 MP: 3/3
   249 | D:1      | Reached skill level 1 in Conjurations
   605 | D:1      | Reached skill level 1 in Fighting
   605 | D:1      | Reached XP level 2. HP: 25/27 MP: 5/5
   613 | D:1      | Learned a level 2 spell: Throw Flame
  1166 | D:1      | Reached XP level 3. HP: 33/33 MP: 3/6
  1197 | D:1      | Learned a level 3 spell: Conjure Flame
  2569 | D:2      | Reached XP level 4. HP: 40/42 MP: 8/8
  2657 | D:2      | Found a bloodstained altar of Trog.
  3876 | D:3      | Reached XP level 5. HP: 19/49 MP: 3/10
  4272 | D:3      | Noticed a centaur
  4921 | D:4      | Found Zeled's Food Shoppe.
  4944 | D:4      | Bought a meat ration for 70 gold pieces
  4959 | D:4      | Found Beniun's Antique Armour Shop.
  5664 | D:1      | You fall through a shaft!
  5779 | D:3      | Found an opulent altar of Gozag.
  5972 | D:4      | Reached XP level 6. HP: 40/61 MP: 2/12
  5979 | D:4      | Gained mutation: Your flesh is cold resistant. (rC+) [potion of mutation]
  5979 | D:4      | Gained mutation: You possess an exceptional clarity of mind. [potion of mutation]
  5979 | D:4      | Gained mutation: You have a beak for a mouth. [potion of mutation]
  7188 | D:5      | Entered Level 5 of the Dungeon
  7390 | D:4      | Bought a fabulously ornate robe for 136 gold pieces
  7390 | D:4      | Identified the +1 robe of Toqyfemire {rC+ Str-3 Slay+3} (You bought it in a shop on level 4 of the Dungeon)
  7584 | D:5      | Noticed Ijyb
  7584 | D:5      | Noticed Dowan
  7584 | D:5      | Noticed Menkaure
  7604 | D:4      | Killed from afar by Menkaure

Skill      XL: |  1  2  3  4  5  6 |
---------------+-------------------+-----
Conjurations   | 1 2 |  2.8
Fighting       | 1 2 3 4 |  4.2
Fire Magic     | 3 4 |  4.0
Spellcasting   | 3 4 |  4.7
Dodging        | |  1.7
Stealth        | |  1.4

Action                   |  1- 3 |  4- 6 || total
-------------------------+-------+-------++-------
Melee: Mace              |    84 |    68 ||   152
       Unarmed           |    10 |       ||    10
       Club              |     3 |       ||     3
       Trident           |       |   115 ||   115
       Spear             |       |    36 ||    36
       Dagger            |       |    45 ||    45
       Peck              |       |     6 ||     6
 Cast: Flame Tongue      |    15 |    19 ||    34
       Throw Flame       |    11 |    22 ||    33
       Conjure Flame     |       |     4 ||     4
  Use: Scroll            |     5 |     8 ||    13
       Potion            |       |     7 ||     7
 Stab: Sleeping          |     3 |     3 ||     6
  Eat: Chunk             |     5 |     7 ||    12
       Royal jelly       |     1 |       ||     1
       Bread ration      |       |     2 ||     2
Armor: Robe              |    39 |    91 ||   130
Dodge: Dodged            |    78 |   162 ||   240
